 Dungeon Crawl Stone Soup version 0.16.1-11-g651b585 (webtiles) character file.

400 jacksonaction the Covert (level 6, 28/28 HPs)
             Began as a Spriggan Enchanter on Apr 2, 2015.
             Quit the game on level 4 of the Dungeon.
             The game lasted 00:33:43 (4067 turns).

jacksonaction the Covert (Spriggan Enchanter)       Turns: 4067, Time: 00:33:43

Health: 28/28      AC:  3    Str:  4    XL:     6   Next: 54%
Magic:  10/17      EV: 23    Int: 17    God:
Gold:   201        SH:  0    Dex: 18    Spells: 3 memorised, 4 levels left

rFire  + . .     SeeInvis +     n - -3 dagger (curse)
rCold  . . .     Clarity  .     b - +1 robe
rNeg   . . .     SustAb   .     (shield restricted)
rPois  .         Gourm    .     (helmet restricted)
rElec  .         Spirit   .     (no cloak)
rCorr  .         Warding  .     (gloves unavailable)
rMut   .         Stasis   .     (boots unavailable)
MR     +....                    (no amulet)
Stlth  +++++.....               t - ring of protection from fire
                                m - +4 ring of evasion

@: very slightly contaminated, very quick, somewhat resistant to hostile
enchantments, quite stealthy
A: unfitting armour, see invisible, herbivore 3, speed 3, slow metabolism 2
a: no special abilities


You were on level 4 of the Dungeon.
You were not hungry.

You visited 1 branch of the dungeon, and saw 4 of its levels.

You collected 201 gold pieces.

Inventory:

Hand weapons
 a - a +1 dagger
 n - a cursed -3 dagger (weapon)
 p - a +4 dagger of flaming
 r - a +2 dagger of pain
 y - a +2 dagger of chaos
Missiles
 q - 9 poisoned needles
Armour
 b - a +1 robe (worn)
Jewellery
 m - a +4 ring of evasion (left hand)
 t - a ring of protection from fire (right hand)
Magical devices
 x - a wand of polymorph (9)
Scrolls
 e - a scroll of fear
 f - 3 scrolls of teleportation
 i - a scroll of enchant armour
 k - a scroll of identify
 s - a scroll of recharging
 u - a scroll of fog
 v - a scroll of magic mapping
Potions
 g - 3 potions of curing
 h - 3 potions of might {unknown}
 j - a potion of restore abilities {unknown}
 l - a potion of resistance {unknown}
 o - 2 potions of mutation {unknown}
 w - a potion of agility {unknown}
Books
 c - a book of Maledictions

   Spells                             Type                      Level
   a - Corona                         Hexes                        1
   b - Sure Blade                     Hexes/Charms                 2
   c - Ensorcelled Hibernation        Hexes/Ice                    2
   d - Confuse                        Hexes                        3
   e - Dazzling Spray                 Conjuration/Hexes            3
   f - Enslavement                    Hexes                        4
Comestibles
 d - 2 bread rations


   Skills:
 * Level 5.1 Short Blades
 - Level 3.4 Dodging
 - Level 8.2 Stealth
 - Level 2.6 Spellcasting
 - Level 4.0 Hexes
 - Level 0.4 Ice Magic


You had 4 spell levels left.
You knew the following spells:

 Your Spells              Type           Power        Failure   Level  Hunger
a - Corona                Hex            ###....      3%          1    #......
b - Ensorcelled Hibernat  Hex/Ice        #.....       14%         2    ##.....
c - Confuse               Hex            ###.....     12%         3    ###....


Dungeon Overview and Level Annotations

Branches:
Dungeon (4/15)
 Temple: D:4-7

Altars:
Makhleb
Ru
Xom
Jiyva

Annotations:
D:4 Artificial's ghost, average OpFi


Innate Abilities, Weirdness & Mutations

You are tiny and cannot use many weapons and most armour.
You have supernaturally acute eyesight.
You are a herbivore.
You cover ground extremely quickly.
You need consume almost no food.


Message History

You feel uncomfortably cold.
Casting: Ensorcelled Hibernation
Confirm with . or Enter, or press ? or * to list all spells.
Aiming: Ensorcelled Hibernation
Press: ? - help, Shift-Dir - straight line, f/p - ogre
Aim: an ogre, wielding a giant club (chance 40%)
The ogre resists with some effort.
Casting: Ensorcelled Hibernation
Confirm with . or Enter, or press ? or * to list all spells.
Aiming: Ensorcelled Hibernation
Press: ? - help, Shift-Dir - straight line, f/p - ogre
Aim: an ogre, wielding a giant club (chance 40%)
The ogre looks drowsy...
The helpless ogre fails to defend itself.
You spit the ogre like a pig!!!
You kill the ogre!
Your Short Blades skill increases to level 5!
Things that are here:
a giant club; an ogre corpse Are you sure you want to abandon this character and quit the game? (Confirm with "yes".)

########.# #.#*****,*,**
#........# #.# *,,,,*
#.######.# #.# ***,*,,**
#.# ####.# #.# *,,,*,,,*
#.# #....# #.# *,*****,*
#.# #.#### #.# *,,,#,,.*
###.###.# #.# **,.#..#*
#.......#######.####.....#
.###..)..>#.....@....#**,*
## ##.#.#.#.###..........#
# #...#.#.# ############
## ##.#.#.#.#
.###.##.#.#.#
#...###.#.#.# ##.##
#.....# ##.######.###
.....W# #.#


There were no monsters in sight!

Vanquished Creatures
  An ogre (D:4)
  A scorpion (D:4)
  A crimson imp (D:4)
  A jelly (D:4)
  An iguana (D:4)
  An orc wizard (D:4)
  Terence (D:3)
  3 gnolls (D:2)
  An adder (D:3)
  A giant mite (D:3)
  3 worms (D:3)
  A giant gecko (D:1)
  5 oozes
  7 orcs (D:4)
  10 goblins
  6 hobgoblins
  5 jackals
  3 kobolds
  A ball python (D:4)
  6 bats
  A giant gecko zombie (D:4)
  2 giant newts
  2 quokkas (D:2)
  4 rats
68 creatures vanquished.

Vanquished Creatures (others)
  A toadstool (D:4)
1 creature vanquished.

Grand Total: 69 creatures vanquished

Notes
Turn   | Place    | Note
--------------------------------------------------------------
     0 | D:1      | jacksonaction, the Spriggan Enchanter, began the quest for the Orb.
     0 | D:1      | Reached XP level 1. HP: 9/9 MP: 4/4
  1211 | D:1      | Reached XP level 2. HP: 8/13 MP: 5/7
  1215 | D:1      | Learned a level 2 spell: Ensorcelled Hibernation
  1696 | D:2      | Reached skill level 5 in Stealth
  1888 | D:2      | Reached XP level 3. HP: 16/16 MP: 9/9
  2215 | D:2      | Reached skill level 6 in Stealth
  2295 | D:3      | Noticed Terence
  2305 | D:3      | Killed Terence
  2305 | D:3      | Reached XP level 4. HP: 21/21 MP: 4/12
  2704 | D:3      | Found a sacrificial altar of Ru.
  2709 | D:3      | Learned a level 3 spell: Confuse
  2845 | D:4      | Reached skill level 7 in Stealth
  3518 | D:4      | Reached XP level 5. HP: 24/24 MP: 14/14
  3626 | D:4      | Reached skill level 8 in Stealth
  3646 | D:4      | Found a viscous altar of Jiyva.
  3719 | D:4      | Noticed Artificial's ghost (average OpFi)
  3888 | D:4      | Found a shimmering altar of Xom.
  3889 | D:4      | Found a burning altar of Makhleb.
  3968 | D:4      | Reached XP level 6. HP: 28/28 MP: 7/17
  4049 | D:4      | Noticed an ogre
  4065 | D:4      | Killed an ogre
  4065 | D:4      | Reached skill level 5 in Short Blades
  4067 | D:4      | Quit the game

Action                   |  1- 3 |  4- 6 || total
-------------------------+-------+-------++-------
Melee: Dagger            |    82 |   116 ||   198
 Cast: Corona            |     4 |     4 ||     8
       Ensorcelled Hiber |     9 |    34 ||    43
       Confuse           |       |     2 ||     2
  Use: Scroll            |       |     7 ||     7
 Stab: Sleeping          |    15 |    25 ||    40
  Eat: Bread ration      |       |     1 ||     1
